 Dungeon Crawl Stone Soup version 0.26-a0-646-g5d77183 (webtiles) character file.

Game seed: 17348491302901516359

2550 Firecrotchwizard the Magician (level 9, -11/39 HPs)
             Began as a Spriggan Conjurer on Sept 23, 2020.
             Was a Follower of Vehumet.
             Killed from afar by a manticore (14 damage)
             ... with a volley of spikes
             ... on level 7 of the Dungeon.
             The game lasted 00:28:31 (11710 turns).

Firecrotchwizard the Magician (Spriggan Conjurer)  Turns: 11710, Time: 00:28:31

Health: -11/39     AC:  4    Str:  3    XL:     9   Next: 30%
Magic:  18/21      EV: 19    Int: 28    God:    Vehumet [*.....]
Gold:   92         SH:  0    Dex: 15    Spells: 12/23 levels left

rFire    . . .     SeeInvis +   G - staff of conjuration {!a}
rCold    . . .     Faith    .   (shield currently unavailable)
rNeg     . . .     Spirit   .   a - +2 robe
rPois    .         Reflect  .   (helmet restricted)
rElec    .         Harm     .   x - scarf {+Inv}
rCorr    .         Rampage  .   (gloves unavailable)
MR       +....                  (boots unavailable)
Stlth    ++........             (no amulet)
HPRegen  0.13/turn              (no ring)
MPRegen  0.17/turn              n - +6 ring of intelligence

@: barbed spikes, very quick
A: very small, unfitting armour, see invisible, speed 3
a: Renounce Religion, Evoke Invisibility


You were on level 7 of the Dungeon.
You worshipped Vehumet.
Vehumet was aware of your devotion.
You visited 2 branches of the dungeon, and saw 8 of its levels.

You collected 412 gold pieces.
You spent 320 gold pieces at shops.

Inventory:

Hand Weapons
 d - a +0 club
   (You took it off a hobgoblin on level 1 of the Dungeon)
 i - a +0 short sword
   (You took it off a kobold on level 1 of the Dungeon)
 m - a +1 dagger
   (You took it off a kobold on level 1 of the Dungeon)
 E - the +10 dagger "Lisyoteno" {venom, rPois Str+6 Dex-5 Stlth+}
   (You found it on level 7 of the Dungeon)

   It poisons the flesh of those it strikes.
   It affects your strength (+6).
   It affects your dexterity (-5).
   It protects you from poison.
   It makes you more stealthy.
Armour
 a - a +2 robe (worn)
 x - a scarf of invisibility (worn)
   (You found it on level 5 of the Dungeon)
 y - a +0 buckler
   (You found it on level 6 of the Dungeon)
Magical Staves
 G - an uncursed staff of conjuration (weapon) {!a}
   (You found it on level 7 of the Dungeon)
Jewellery
 h - an uncursed ring of ice {rC+, rF-}
   (You found it on level 1 of the Dungeon)
 n - a +6 ring of intelligence (right hand)
   (You found it on level 2 of the Dungeon)
 C - an uncursed ring of flight {+Fly, !d}
   (You found it on level 6 of the Dungeon)
Wands
 r - a wand of flame (15)
   (You found it on level 7 of the Dungeon)
 u - a wand of enslavement (11)
   (You found it on level 3 of the Dungeon)
 z - a wand of random effects (10)
   (You took it off Ijyb on level 5 of the Dungeon)
 D - a wand of paralysis (3)
   (You found it on level 7 of the Dungeon)
Scrolls
 g - 2 scrolls of enchant armour
 k - 3 scrolls of identify
 p - 5 scrolls of remove curse
 v - 2 scrolls of teleportation
 F - a scroll of blinking {unknown}
Potions
 b - a potion of curing
 c - 2 potions of cancellation
 e - a potion of lignification {unknown}
 f - a potion of magic {unknown}
 j - a potion of haste {unknown}
 l - a potion of flight {unknown}
 q - a potion of mutation {unknown}
 s - a potion of ambrosia {unknown}
 t - a potion of heal wounds {unknown}
 w - a potion of stabbing {unknown}
 A - a potion of degeneration {unknown}
 B - 2 potions of might
Miscellaneous
 o - a condenser vane (2/2)
   (You bought it in a shop on level 7 of the Dungeon)


   Skills:
 - Level 4.5 Dodging
 - Level 3.3 Stealth
 + Level 7.9 Spellcasting
 * Level 7.4 Conjurations
 - Level 5.7 Hexes
 + Level 2.8 Translocations
 + Level 3.2 Evocations


You had 12 spell levels left.
You knew the following spells:

 Your Spells              Type           Power        Failure   Level
a - Magic Dart            Conj           ####         1%          1
b - Searing Ray           Conj           ######       1%          2
c - Fulminant Prism       Conj/Hex       ######....   3%          4
x - Iskenderun's Mystic   Conj/Tloc      ######..     6%          4

Your spell library contained the following spells:

 Spells                   Type           Power        Failure   Level
 Freeze                   Ice            ##..         4%          1
 Dazzling Flash           Conj/Hex       ######       1%          3


Dungeon Overview and Level Annotations

Branches:
Dungeon (7/15)             Temple (1/1) D:5

Altars:
Ashenzari
Cheibriados
Dithmenos
Elyvilon
Gozag
Hepliaklqana
Kikubaaqudgha
Nemelex Xobeh
Okawaru
Qazlal
Ru
Sif Muna
Trog
Uskayaw
Vehumet
Wu Jian
Xom
Yredelemnul
Zin
The Shining One

Shops:
D:7 }

Annotations:
D:2 1 runed translucent door, Crazy Yiuf
D:3 2 runed translucent doors, iNFECTIOUSiTCH's ghost, amateur DgNe
D:4 Prince Ribbit


Innate Abilities, Weirdness & Mutations

You are very small and have problems with some larger weapons.
You are too small for most types of armour.
You have supernaturally acute eyesight. (SInv)
You cover ground extremely quickly.


Message History

Aim: a white imp (wandering, hasn't noticed you)
You feel a surge of power!
The magic dart hits the white imp!
The white imp shouts!
The white imp puffs mist at you.
You now have 20/21 mp.
Aim: a white imp (severely wounded)
You feel a surge of power!
The magic dart hits the white imp.
You kill the white imp!
Vehumet accepts your kill.
You feel your power returning.
A bullfrog is nearby!
MP restored: 21
Aim: a bullfrog (wandering, hasn't noticed you)
You feel a surge of power!
The magic dart hits the bullfrog.
The bullfrog gives a loud, deep croak!
You now have 20/21 mp.
Aim: a bullfrog (lightly wounded)
You feel a surge of power!
The magic dart hits the bullfrog!
You now have 19/21 mp.
Aim: a bullfrog (heavily wounded)
You feel a surge of power!
The searing ray hits the bullfrog! (Press . to maintain the ray.)
You now have 17/21 mp.
The searing ray hits the bullfrog!
You kill the bullfrog!
Vehumet accepts your kill.
You now have 16/21 mp.
You start resting.
MP restored: 21 You see here a bullfrog corpse.
There is an open door here.
There is an open door here.
A worker ant is nearby!
Aim: a worker ant (wandering, hasn't noticed you)
You feel a surge of power!
The magic dart hits the worker ant.
The worker ant twitches its antennae in your direction.
You now have 20/21 mp.
Aim: a worker ant (moderately wounded)
You feel a surge of power!
The magic dart hits the worker ant.
You now have 19/21 mp.
Aim: a worker ant (heavily wounded)
You feel a surge of power!
The magic dart hits the worker ant but does no damage.
You now have 18/21 mp.
Aim: a worker ant (heavily wounded)
You feel a surge of power!
The magic dart hits the worker ant but does no damage.
You now have 17/21 mp.
Aim: a worker ant (heavily wounded)
You feel a surge of power!
The magic dart hits the worker ant.
The worker ant bites you.
You take 4 damage, and have 35/39 hp.
You now have 16/21 mp.
Aim: a worker ant (severely wounded)
You feel a surge of power!
The magic dart hits the worker ant but does no damage.
The worker ant bites you but does no damage.
The worker ant misses you.
Aim: a worker ant (severely wounded)
You feel a surge of power!
The magic dart hits the worker ant.
The worker ant closely misses you.
You now have 15/21 mp.
Aim: a worker ant (almost dead)
You feel a surge of power!
The magic dart hits the worker ant.
You kill the worker ant!
Vehumet accepts your kill.
You now have 14/21 mp.
You start resting.
A manticore is nearby!
Health restored: 39 You regained 6 mp, and now have 20/21 mp.
You can't see any susceptible monsters within range! (Use Z to cast anyway.) Unknown command.
Aim: a manticore (wandering, hasn't noticed you)
You feel a surge of power!
The magic dart hits the manticore but does no damage.
The manticore flicks its tail.
The volley of spikes hits you!!
The barbed spikes become lodged in your body.
You take 18 damage, and have 21/39 hp.
MASSIVE DAMAGE!!
You now have 19/21 mp.
Aim: a manticore You feel a surge of power!
The magic dart hits the manticore.
The manticore flicks its tail.
The volley of spikes hits you!!
The barbed spikes become lodged in your body.
* * * LOW HITPOINT WARNING * * *
You take 19 damage, and have 2/39 hp.
MASSIVE DAMAGE!!
Okay, then.
Aim: a manticore (lightly wounded)
Okay, then.
Aim: a manticore (lightly wounded, chance to defeat MR: 37%)
Okay, then.
Aim: a manticore (lightly wounded)
You feel a surge of power!
The magic dart hits the manticore.
The manticore flicks its tail.
The volley of spikes hits you!
The barbed spikes become lodged in your body.
You die...

#########################
................#.......#
......F.........#.......#
......)a(.......'.......#
#......##.......#.......#
######' #.......#.......#
....H #......##.......#
...:.##......##.......##
.......@................
.....##..............#..
###H## #..............#..
#..............#..
#.................
#......##..[....##
#......##......##
##########.).....# ##
#........#.......#


You could see a manticore.

Vanquished Creatures
  A gargoyle (D:7)
  Grinder (D:3)
  Eustachio (D:6)
  A sky beast (D:7)
  An orc warrior (D:7)
  An ogre (D:5)
  A centaur (D:7)
  4 bullfrogs
  A water moccasin zombie (D:6)
  A scorpion (D:4)
  A howler monkey (D:6)
  A bullfrog zombie (D:3)
  2 hounds
  An orc priest (D:3)
  5 orc wizards
  A bullfrog skeleton (D:7)
  2 iguanas
  A centaur skeleton (D:4)
  A gnoll shaman (D:5)
  Ijyb (D:5)
  15 worker ants
  2 hound skeletons (D:7)
  3 gnolls (D:5)
  A howler monkey skeleton (D:4)
  12 adders
  A shadow imp (D:6)
  2 white imps
  3 oozes
  An adder skeleton (D:5)
  4 worms
  3 dart slugs
  5 leopard geckos
  25 orcs
  2 ball pythons
  11 giant cockroaches
  8 goblins
  11 hobgoblins
  18 jackals
  3 quokkas
  9 bats
  6 frilled lizards
  7 kobolds
  A leopard gecko skeleton (D:4)
  A leopard gecko zombie (D:6)
  A quokka skeleton (D:4)
  13 rats
  A fulminant prism (D:5)
198 creatures vanquished.

Vanquished Creatures (others)
  6 fulminant prisms
6 creatures vanquished.

Grand Total: 204 creatures vanquished

Notes
Turn   | Place    | Note
-------+----------+-------------------------------------------
     0 | D:1      | Firecrotchwizard the Spriggan Conjurer began the quest for
                  | the Orb.
     0 | D:1      | Reached XP level 1. HP: 9/9 MP: 5/5
    11 | D:1      | Reached skill level 3 in Conjurations
   291 | D:1      | Reached XP level 2. HP: 13/13 MP: 0/6
   295 | D:1      | Learned a level 2 spell: Searing Ray
   418 | D:1      | Reached skill level 3 in Spellcasting
   984 | D:1      | Reached XP level 3. HP: 13/16 MP: 4/8
  2241 | D:2      | Reached skill level 4 in Dodging
  2289 | D:2      | Reached XP level 4. HP: 21/21 MP: 3/10
  2350 | D:2      | Learned a level 4 spell: Fulminant Prism
  2539 | D:2      | Found a sacrificial altar of Ru.
  2556 | D:2      | Reached skill level 1 in Hexes
  2705 | D:2      | HP: 4/21 [worm (7)]
  3021 | D:2      | Found a runed translucent door.
  3022 | D:2      | Noticed Crazy Yiuf
  3050 | D:3      | Found a large runed translucent door.
  3050 | D:3      | Found a large runed translucent door.
  3050 | D:3      | Noticed iNFECTIOUSiTCH's ghost (amateur DgNe)
  3050 | D:3      | Noticed Grinder
  3054 | D:3      | Paralysed by Grinder for 2 turns
  3057 | D:3      | Killed Grinder
  3057 | D:3      | Reached skill level 4 in Spellcasting
  3057 | D:3      | Reached skill level 4 in Conjurations
  3057 | D:3      | Reached skill level 2 in Hexes
  3057 | D:3      | Reached XP level 5. HP: 17/24 MP: 3/12
  3057 | D:3      | Reached XP level 6. HP: 20/28 MP: 3/13
  3626 | D:3      | Found an ornate altar of the Wu Jian Council.
  3716 | D:3      | Reached skill level 3 in Hexes
  4147 | D:3      | Reached skill level 5 in Spellcasting
  5191 | D:4      | Reached XP level 7. HP: 32/32 MP: 8/15
  5319 | D:4      | Found a glowing silver altar of Zin.
  5585 | D:4      | Found an ancient bone altar of Kikubaaqudgha.
  5610 | D:4      | Reached skill level 5 in Conjurations
  6783 | D:4      | Reached skill level 4 in Hexes
  7114 | D:5      | Entered Level 5 of the Dungeon
  7114 | D:5      | Noticed Prince Ribbit
  7539 | D:5      | Noticed Ijyb
  7548 | D:5      | Killed Ijyb
  7588 | D:5      | Reached skill level 6 in Spellcasting
  7957 | D:5      | Found a staircase to the Ecumenical Temple.
  7963 | Temple   | Entered the Ecumenical Temple
  8023 | Temple   | Became a worshipper of Vehumet
  8057 | D:5      | Found a shimmering blue altar of Sif Muna.
  8071 | D:5      | Reached XP level 8. HP: 28/36 MP: 6/18
  8332 | D:5      | Reached skill level 6 in Conjurations
  8495 | D:5      | Reached skill level 5 in Hexes
  8919 | D:6      | Found a shimmering blue altar of Sif Muna.
  9160 | D:6      | Noticed Eustachio
  9168 | D:6      | Killed Eustachio
  9168 | D:6      | Reached skill level 7 in Spellcasting
  9767 | D:7      | Found Geceob's Gadget Shop.
  9773 | D:7      | Found an opulent altar of Gozag.
  9775 | D:7      | Bought a condenser vane (2/2) for 320 gold pieces
  9810 | D:7      | Reached skill level 1 in Evocations
  9819 | D:7      | Reached skill level 7 in Conjurations
 10004 | D:7      | Learned a level 4 spell: Iskenderun's Mystic Blast
 10009 | D:7      | Reached XP level 9. HP: 39/39 MP: 15/21
 10145 | D:7      | Got a polished dagger
 10146 | D:7      | Identified the +10 dagger "Lisyoteno" {venom, rPois Str+6
                  | Dex-5 Stlth+} (You found it on level 7 of the Dungeon)
 10159 | D:7      | Reached skill level 1 in Translocations
 10159 | D:7      | Reached skill level 2 in Evocations
 10358 | D:7      | Reached * piety under Vehumet
 10358 | D:7      | Offered knowledge of Freeze by Vehumet.
 10763 | D:7      | Noticed a gargoyle
 10773 | D:7      | Killed a gargoyle
 10773 | D:7      | Reached skill level 2 in Translocations
 10773 | D:7      | Reached skill level 3 in Evocations
 10780 | D:7      | Noticed a manticore
 11709 | D:7      | HP: 2/39 [manticore/volley of spikes (19)]
 11710 | D:7      | Killed from afar by a manticore

Illustrated notes

Levels and vault maps discovered:
D:1:      tarquinn_simple_flora_water_a, layout_rooms, serial_bayou_pond_d
D:2:      minmay_general_purpose_star, layout_loops_cross,
          nicolae_ru_great_annihilating_truth, kennysheep_cross_room,
          minmay_unequal, uniq_crazy_yiuf_cottage
D:3:      layout_loops_ring, old_standard_altar, ebering_ghost_disaster_area,
          st_stairs_5, uniq_grinder
D:4:      minmay_bubble_buster, layout_layer_cave, overflow_temple_1_default,
          kiku_gazebo_pond_becter
D:5:      layout_cave_pools, led_sif_book, minmay_temple_entry_waves,
          uniq_prince_ribbit1, uniq_ijyb
D:6:      layout_basic, basic_altar, kennysheep_generic_room_14, uniq_eustachio
D:7:      minmay_chambers_of_sixes, layout_gridville,
          nicolae_gozag_cash_rules_everything_around_me, serial_shops, shop
Temple:   eino_temple_water

Skill      XL: |  1  2  3  4  5  6  7  8  9 |
---------------+----------------------------+-----
Conjurations   | 3 4 5 7 |  7.4
Spellcasting   | 3 4 5 6 7 |  7.9
Dodging        | 4 |  4.5
Hexes          | 2 3 4 5 |  5.7
Evocations     | 1 3 |  3.2
Translocations | 2 |  2.8
Stealth        | |  3.3

Action                   |  1- 3 |  4- 6 |  7- 9 || total
-------------------------+-------+-------+-------++-------
Melee: Short sword       |    16 |       |       ||    16
       Club              |     8 |       |       ||     8
       Dagger            |    98 |   155 |   143 ||   396
 Cast: Magic Dart        |    52 |    61 |   235 ||   348
       Searing Ray       |     5 |     7 |    20 ||    32
       Fulminant Prism   |       |       |     7 ||     7
       Iskenderun's Myst |       |       |     2 ||     2
  Use: Scroll            |       |       |    12 ||    12
       Potion            |       |       |     1 ||     1
 Stab: Sleeping          |     3 |     4 |       ||     7
Armor: Robe              |    23 |    18 |    14 ||    55
Dodge: Dodged            |   120 |   134 |   187 ||   441
Block: Buckler           |       |       |     1 ||     1

Table legend: (Time is in decaauts)
 A = Elapsed time spent in this place.
 B = Non-inter-level travel time spent in this place.
 C = Inter-level travel time spent in this place.
 D = Time resting spent in this place.
 E = Time spent auto-exploring this place.
 F = Levels seen in this place.
 G = Mean time per level.
                   A        B        C        D        E       F      G
               +--------+--------+--------+--------+--------+-----+--------+
         Total |  10002 |   9905 |     97 |   5784 |   2686 |   8 | 1250.2 |
       Dungeon |   9953 |   9868 |     85 |   5784 |   2654 |   7 | 1421.9 |
        Temple |     49 |     38 |     11 |      0 |     32 |   1 |   49.0 |
               +--------+--------+--------+--------+--------+-----+--------+

Top non-repeatable levels by time:
     D:4: 1746 daAuts
     D:7: 1659 daAuts
     D:2: 1626 daAuts
     D:3: 1513 daAuts
     D:5: 1442 daAuts
     D:1: 1063 daAuts
     D:6: 901 daAuts
  Temple: 49 daAuts

Table legend:
 A = Kills in this place as a percentage of kills in entire the game.
 B = Kills by you in this place as a percentage of kills by you in the entire game.
 C = Kills by friends in this place as a percentage of kills by friends in the entire game.
 D = Other kills in this place as a percentage of other kills in the entire game.
 E = Experience gained in this place as a percentage of experience gained in the entire game.
 F = Experience gained in this place divided by the number of levels of this place that you have seen.
                   A       B       C       D       E      F
               +-------+-------+-------+-------+-------+----------------------
         Total | 100.0 | 100.0 |   N/A |   N/A | 100.0 | 455.4
       Dungeon | 100.0 | 100.0 |   N/A |   N/A | 100.0 | 520.4
               +-------+-------+-------+-------+-------+----------------------
